 Dungeon Crawl Stone Soup version 0.29.1-12-g30fa7ad0bf (webtiles) character file.

Game seed: 10063490484585115440

10 hawla the Firebug (level 2, -3/20 HPs)
             Began as a Meteoran Fire Elementalist on Dec 29, 2022.
             Slain by a shadow imp (4 damage)
             ... summoned by Natasha
             ... on level 3 of the Dungeon.
             The game lasted 00:01:11 (171 turns).

hawla the Firebug (Meteoran Fire Elementalist)       Turns: 171, Time: 00:01:12

Health: -3/20      AC:  2    Str:  9    XL:     2   Next: 47%
Magic:  4/7        EV: 12    Int: 16    God:
Gold:   40         SH:  0    Dex: 14    Spells: 4/7 levels left

rFire   . . .      SeeInvis .   (no weapon)
rCold   . . .      Faith    .   (no shield)
rNeg    . . .      Spirit   .   a - +0 robe
rPois   .          Reflect  .   (no helmet)
rElec   .          Harm     .   (no cloak)
rCorr   .          Rampage  .   (no gloves)
Will    .....                   (no boots)
Stlth   +.........              (no amulet)
HPRegen 0.06/turn               (no ring)
MPRegen 0.10/turn               (no ring)

@: very slightly contaminated, slowed, glowing, very slow
A: sense surroundings 1, otherworldly, glowing, explore regen
a: no special abilities


You were on level 3 of the Dungeon.
You visited 1 branch of the dungeon, and saw 3 of its levels.

You collected 40 gold pieces.

Inventory:

Armour
 a - a +0 robe (worn)
Scrolls
 e - a scroll of enchant armour {unknown}
 f - a scroll of poison {unknown}
 g - a scroll of teleportation {unknown}
 h - a scroll of identify {unknown}
Potions
 c - a potion of degeneration {unknown}
 d - a potion of mutation {unknown}


   Skills:
 + Level 2.5 Dodging
 - Level 1.4 Stealth
 + Level 3.0 Spellcasting
 + Level 1.2 Conjurations
 + Level 4.1 Fire Magic


You had 4 spell levels left.
You knew the following spells:

 Your Spells              Type           Power      Damage    Failure   Level
a - Foxfire               Conj/Fire      44%        2x1d6     6%          1
b - Scorch                Fire           30%        2d7       5%          2

Your spell library contained the following spells:

 Spells                   Type           Power      Damage    Failure   Level
 Conjure Flame            Conj/Fire      11%        6-21      19%         3
 Inner Flame              Hex/Fire       9%         N/A       24%         3
 Flame Wave               Conj/Fire      11%        2d6       52%         4


Dungeon Overview and Level Annotations

Branches:
Dungeon (3/15) Zot: 1623

Altars:

Annotations:
D:3 Natasha


Innate Abilities, Weirdness & Mutations

You passively map a small area around you.
You are easily found by Zot.
You glow in the dark.
You regain HP and MP as you explore.


Message History

You resist with significant effort. Natasha casts a spell at you.
The magic dart hits you!
Casting: Scorch (safe; 5% risk of failure)
Confirm with . or Enter, or press ? or * to list all spells.
You conjure some foxfire!
Natasha is no longer more vulnerable to fire.
Natasha howls an incantation.
Natasha shimmers violently.
Natasha mumbles some strange words.
Casting: Foxfire (safe; 6% risk of failure)
Confirm with . or Enter, or press ? or * to list all spells.
You miscast Scorch.
Nothing appears to happen.
The foxfire hits the shadow imp.
The shadow imp is lightly wounded.
The foxfire hits Natasha.
Natasha is severely wounded.
The shadow imp closely misses you. Magic courses through your body.
Natasha stares at you and mumbles some strange words.
You feel yourself slow down. The shadow imp misses you.
Casting: Scorch (safe; 5% risk of failure)
Confirm with . or Enter, or press ? or * to list all spells.
Flames lash the giant cockroach.
You kill the giant cockroach!
You hear a shout!
Natasha closely misses you. The shadow imp barely misses you.
Natasha closely misses you.
Casting: Scorch (safe; 5% risk of failure)
Confirm with . or Enter, or press ? or * to list all spells.
You miscast Foxfire.
Nothing appears to happen.
The shadow imp hits you.
Natasha stares at you and mumbles some strange words.
The magic dart hits you!
* * * LOW HITPOINT WARNING * * *
The shadow imp closely misses you.
Casting: Foxfire (safe; 6% risk of failure)
Confirm with . or Enter, or press ? or * to list all spells.
You conjure some foxfire!
Natasha claws you.
* * * LOW HITPOINT WARNING * * *
The shadow imp hits you.
You die...

, ......... ** ,, * , **
* #......# . * *
#.#...## *#., ,*
#.#....###. ,* #
#.#....##.. ##.# , ~
#......##.# ....#
..######......##.#*#....
,*
..............##5##..# ,
,* ######<###.....v@h5.#
* #.##......v.#### *, **
#....#......# * *
#..###......# , #.##
#......# ### #......# *
, ########


You could see Natasha and 2 shadow imps.

Vanquished Creatures
  4 ball pythons
  A giant cockroach (D:3)
  2 hobgoblins (D:2)
  A kobold (D:2)
  A quokka (D:2)
9 creatures vanquished.

Vanquished Creatures (others)
  26 foxfires
26 creatures vanquished.

Grand Total: 35 creatures vanquished

Notes
Turn   | Place    | Note
-------+----------+-------------------------------------------
     0 | D:1      | hawla the Meteoran Fire Elementalist began the quest for
                  | the Orb.
     0 | D:1      | Reached XP level 1. HP: 14/14 MP: 5/5
    56 | D:2      | Reached XP level 2. HP: 19/20 MP: 1/6
    77 | D:2      | Reached skill level 4 in Fire Magic
   160 | D:3      | Learned a level 2 spell: Scorch
   161 | D:3      | Noticed Natasha
   171 | D:3      | HP: 1/20 [Natasha (4)]
   171 | D:3      | Slain by a shadow imp

Illustrated notes

Levels and vault maps discovered:
D:1:      ncdulo_wetmaze, layout_basic, chequers_serial_rivers_room_b
D:2:      layout_rooms, dreamdust_ecumenical_altar_grove
D:3:      layout_rooms, lemuel_coloured_pillars_altar, general_overflow_altar,
          serial_shops, shop_coins, uniq_natasha

Skill      XL: |  1  2 |
---------------+-------+-----
Fire Magic     | 4 |  4.1
Spellcasting   | 3 |  3.0
Dodging        | |  2.5
Stealth        | |  1.4
Conjurations   | |  1.2

Action                   || total
-------------------------++-------
Melee: Unarmed           ||     5
 Cast: Foxfire           ||    15
       Scorch            ||     2
  Use: Potion            ||     1
Armor: Robe              ||     3
Dodge: Dodged            ||    17
